 Dungeon Crawl Stone Soup version 0.30.1-11-g7821555f0a (webtiles) character file.

Game seed: 4531305708735428718

28 porpoise the Shooter (level 2, -11/26 HPs)
             Began as a Minotaur Hunter on Jan 3, 2024.
             Killed from afar by Terence (16 damage)
             ... with a bolt of dispelling energy
             ... on level 2 of the Dungeon.
             The game lasted 00:01:34 (792 turns).

porpoise the Shooter (Minotaur Hunter)               Turns: 792, Time: 00:01:35

Health: -11/26     AC:  4    Str: 15    XL:     2   Next: 96%
Magic:  1/1        EV: 12    Int:  6    God:
Gold:   38         SH:  0    Dex: 13    Spells: 1/1 levels left

rFire   . . .        b - +2 dagger (venom)
rCold   . . .        (no shield)
rNeg    . . .        c - +0 leather armour
rPois   .            (helmet restricted)
rElec   .            (no cloak)
rCorr   .            f - +0 pair of gloves
SInv    .            (no boots)
Will    .....        (no amulet)
Stlth   +            (no ring)
HPRegen 0.24/turn    (no ring)
MPRegen 0.07/turn

%: no passive effects
@: no status effects
A: horns 2, retaliatory headbutt
a: no special abilities


You were on level 2 of the Dungeon.
You visited 1 branch of the dungeon, and saw 2 of its levels.

You collected 38 gold pieces.

Inventory:

Hand Weapons
 a - a +0 shortbow
 b - a +2 dagger of venom (weapon)
Missiles
 h - 9 poisoned darts
Armour
 c - a +0 leather armour (worn)
 f - a +0 pair of gloves (worn)
Scrolls
 g - 2 scrolls of vulnerability {unknown}
 i - a scroll of fear {unknown}
 l - 2 scrolls of teleportation {unknown}
 m - a scroll of poison {unknown}
 n - 2 scrolls of immolation
Potions
 d - a potion of flight {unknown}
 e - 2 potions of cancellation {unknown}
 j - a potion of curing {unknown}
 k - 2 potions of degeneration {unknown}


   Skills:
 + Level 3.0 Fighting
 + Level 0.7 Short Blades
 + Level 4.8 Ranged Weapons
 + Level 1.3 Armour
 - Level 2.1 Dodging
 - Level 0.7 Stealth


You had one spell level left.
You didn't know any spells.
Your spell library was empty.

Dungeon Overview and Level Annotations

Branches:
Dungeon (2/15)

Altars:

Annotations:
D:2 Terence


Innate Abilities, Weirdness & Mutations

You have a pair of horns on your head.
You reflexively headbutt those who attack you in melee.


Message History

a - a +0 shortbow (weapon)
There is an open door here.
Things that are here:
a +0 short sword; 2 stones; a kobold corpse A hobgoblin comes into view.
The hobgoblin shouts!
You hear an angry hiss.
You shoot an arrow. The arrow closely misses the hobgoblin.
You shoot an arrow. The arrow barely misses the hobgoblin.
An adder comes into view.
You shoot an arrow. The arrow hits the hobgoblin.
You kill the hobgoblin!
You shoot an arrow. The arrow hits the adder!
The adder is almost dead.
You shoot an arrow. The arrow hits the adder.
You kill the adder!
Terence the Incautious comes into view.
He is wielding a +0 short sword, wearing a +1 chain mail of fire resistance and carrying a wand of quicksilver (4).
Your Fighting skill increases to level 3!
You shoot an arrow. The arrow barely misses Terence.
You shoot an arrow. The arrow hits Terence.
Terence is moderately wounded.
You shoot an arrow.
The arrow hits Terence but does no damage.
Terence is moderately wounded.
You shoot an arrow. The arrow closely misses Terence.
Terence zaps a wand.
The bolt of dispelling energy hits you!
Your +2 dagger of venom begins to drip with poison!
b - a +2 dagger of venom (weapon)
Terence zaps a wand.
The bolt of dispelling energy hits you!
* * * LOW HITPOINT WARNING * * *
You are too injured to fight recklessly!
You are too injured to fight recklessly!
You are too injured to fight recklessly!
You barely miss Terence.
Terence is moderately wounded.
Terence closely misses you.
You hit Terence but do no damage. Your headbutt misses Terence.
Terence is moderately wounded.
Terence zaps a wand.
The bolt of dispelling energy hits you!
Ouch! That really hurt!
You die...

#. ..# ## #.# ...###
.### #.#####+#......
...# #.##...........
...# ###.##.##.#.#....
...## #......#..#+#.# .
#...### #......#......#
#.#...###......#......#
#)###..####)##.#@@....#
#.# ##.........##.#.#.#
#.. #####..#####.#†....
### #†.......#......
#..####..#..#### .)..
..# .. #....# #... ..
#....# ## #.....


You could see Terence.

Vanquished Creatures
  An adder (D:2)
  A dart slug (D:1)
  2 endoplasms (D:1)
  3 giant cockroaches
  2 hobgoblins
  A quokka (D:1)
  A ball python (D:1)
  A bat (D:2)
  3 kobolds
  2 rats
17 creatures vanquished.

Notes
Turn   | Place    | Note
-------+----------+-------------------------------------------
     0 | D:1      | porpoise the Minotaur Hunter began the quest for the Orb.
     0 | D:1      | Reached XP level 1. HP: 18/18 MP: 0/0
   181 | D:1      | Reached XP level 2. HP: 25/25 MP: 1/1
   352 | D:1      | Reached skill level 1 in Armour
   783 | D:2      | Noticed Terence
   792 | D:2      | Killed from afar by Terence

Illustrated notes

Levels and vault maps discovered:
D:1:      eino_arrival_water_cross, layout_loops_ring, minmay_misc_feat_square,
          chequers_serial_rivers_small_a
D:2:      layout_basic, basic_altar, uniq_terence, uniq_natasha

Skill      XL: |  1  2 |
---------------+-------+-----
Armour         | 1 |  1.3
Fighting       | 3 |  3.0
Short Blades   | |  0.7
Ranged Weapons | |  4.8
Dodging        | |  2.1
Stealth        | |  0.7

Action                     || total
---------------------------++-------
  Melee: Dagger            ||    10
         Headbutt          ||     1
   Fire: Shortbow          ||    41
 Armour: Leather armour    ||     8
  Dodge: Dodged            ||     9
